Map: Ley Lines

Players

llllllllllll - Winner!

  • Race: Protoss Protoss
  • League: Platinum
  • Spawn Location: 7:00

llllllllllll

  • Race: Protoss Protoss
  • League: Platinum
  • Spawn Location: 1:00

VOD

Have the link to the VOD?

Description

Time

  • Played on: April 25, 2025, 5:52 a.m.
  • Length: 3:21
Show
View Real Time Build Order
Export as new Build Order

llllllllllll Protoss - Winner!

Build Orders:  

Get SALT Encoding   

  12  0:01  Probe  
  13  0:13  Probe  
  14  0:18  Pylon  
  14  0:25  Probe  
  15  0:37  Gateway  
  15  0:41  Assimilator  
  15  0:50  Pylon  
  15  1:08  Gateway  
  15  1:13  Gateway  
  15  1:29  Cybernetics Core  
  15  1:32  Probe  
  16  1:45  Probe  
  17  1:54  Stalker x2  
  21  2:19  Stalker x2  
  21  2:27  Pylon  
  25  2:47  Stalker  
  25  2:48  Probe  
  30  3:00  Probe  
Show
View Real Time Build Order
Export as new Build Order

llllllllllll Protoss 

Build Orders:  

Get SALT Encoding   

  12  0:01  Probe  
  13  0:13  Probe  
  14  0:21  Pylon  
  14  0:26  Probe  
  15  0:38  Probe  
  15  0:42  Gateway  
  16  0:46  Probe  
  16  0:49  Assimilator  
  16  0:54  Probe  
  18  1:06  Probe  
  19  1:18  Probe  
  20  1:30  Probe  
  21  1:35  Cybernetics Core  
  21  1:40  Gateway  
  21  1:49  Probe  
  21  1:53  Assimilator  
  22  1:56  Pylon  
  22  2:04  Adept  
  22  2:07  Nexus  
  24  2:19  Shield Battery  
  24  2:23  Robotics Facility  
  24  2:24  Stalker  
  26  2:31  Shield Battery  
  26  2:34  Pylon  
  26  2:42  Stalker, Probe  
  27  2:57  Shield Battery  
  27  3:09  Shield Battery  
Tags
 
Matchup
PvP
Replay Pack
kreditionep2
Spawn Locations
Cross Positions
Add a new tag
Caveats
  • Supply blocks, unpowered buildings, or Contaminate may cause inaccurate times.
  • Supply counts are checked every 10 seconds.